 Dungeon Crawl Stone Soup version 0.27-a0-1147-gb3d8e82157 (webtiles) character file.

Game seed: 17865979002078505355

1094 DasRunzen the Slasher (level 8, 0/54 HPs)
             Began as a Demonspawn Gladiator on May 12, 2021.
             Shot with an arrow by a centaur (11 damage)
             ... on level 5 of the Dungeon.
             The game lasted 00:14:02 (6249 turns).

DasRunzen the Slasher (Demonspawn Gladiator)        Turns: 6249, Time: 00:14:03

Health: 0/54       AC:  7    Str: 15    XL:     8   Next: 9%
Magic:  9/9        EV: 13    Int: 11    God:
Gold:   261        SH:  0    Dex: 15    Spells: 9/10 levels left

rFire    . . .     SeeInvis .   a - +0 long sword (freeze)
rCold    . . .     Faith    .   (no shield)
rNeg     . . .     Spirit   .   b - +0 leather armour
rPois    .         Reflect  .   (helmet unavailable)
rElec    .         Harm     .   (no cloak)
rCorr    .         Rampage  .   (no gloves)
Will     .....                  m - +1 pair of boots
Stlth    +.........             (no amulet)
HPRegen  0.18/turn              (no ring)
MPRegen  0.11/turn              (no ring)

@: no status effects
A: horns 3, slimy green scales 2, demonic magic 1, deformed body, frail 1, low
mp 1
a: no special abilities


You were on level 5 of the Dungeon.
You visited 1 branch of the dungeon, and saw 7 of its levels.
You also visited: Ossuary.

You collected 261 gold pieces.

Inventory:

Hand Weapons
 a - a +0 long sword of freezing (weapon)
Missiles
 d - 3 throwing nets (quivered)
 f - 6 atropa-tipped darts
Armour
 b - a +0 leather armour (worn)
 m - a +1 pair of boots (worn)
Jewellery
 e - a ring of ice
Wands
 k - a wand of paralysis (10)
Scrolls
 c - 4 scrolls of amnesia
 n - 3 scrolls of teleportation
Potions
 g - 2 potions of ambrosia
 h - a potion of curing
 i - a potion of magic {unknown}
 j - a potion of flight {unknown}
 l - a potion of invisibility {unknown}
 o - a potion of attraction {unknown}
 p - a potion of lignification {unknown}


   Skills:
 + Level 4.5 Fighting
 * Level 5.1 Long Blades
 - Level 1.7 Throwing
 + Level 3.6 Armour
 + Level 4.6 Dodging
 + Level 1.5 Spellcasting
 + Level 1.9 Conjurations
 + Level 1.7 Fire Magic


You had 9 spell levels left.
You knew the following spells:

 Your Spells              Type           Power      Damage    Failure   Level
a - Foxfire               Conj/Fire      16%        2x1d4     19%         1

Your spell library contained the following spells:

 Spells                   Type           Power      Damage    Failure   Level
 Conjure Flame            Conj/Fire      4%         6-21      47%         3
 Inner Flame              Hex/Fire       2%         N/A       61%         3
 Sticky Flame             Conj/Fire      4%         2d3       87%         4
 Fireball                 Conj/Fire      2%         3d4       99%         5


Dungeon Overview and Level Annotations

Branches:
Dungeon (7/15)             Temple (0/1) D:4         Ossuary (visited)

Altars:

Shops:
D:1 !


Innate Abilities, Weirdness & Mutations

You have a pair of large horns on your head.
You are mostly covered in slimy green scales. (AC +3)
Spells you cast may paralyse adjacent enemies.
Armour fits poorly on your strangely shaped body.
You are frail. (-10% HP)
Your magical capacity is low. (-10% MP)


Message History

The black bear is lightly wounded.
The black bear bites you.
The black bear claws you but does no damage.
The black bear misses you.
You closely miss the black bear.
The black bear is lightly wounded.
The black bear barely misses you.
You riposte.
You hit the black bear. You freeze the black bear.
The black bear is heavily wounded.
The black bear closely misses you. The black bear barely misses you.
You hit the black bear. You freeze the black bear.
You headbutt the black bear, but do no damage.
The black bear is severely wounded.
The black bear bites you. The black bear claws you.
The black bear claws you but does no damage.
You hit the black bear. You freeze the black bear.
The black bear is almost dead.
The black bear goes berserk!
You hit the black bear. You freeze the black bear.
You kill the black bear!
You have reached level 8!
You feel agile.
Your demonic ancestry asserts itself...
The horns on your head grow some more.
You hit the orc but do no damage.
The centaur shoots an arrow.
The arrow misses you.
You slash something! You freeze something.
The centaur shoots an arrow.
The arrow hits you!
The centaur shoots an arrow.
The arrow hits you.
* * * LOW HITPOINT WARNING * * *
Something completely misses you.
You are too injured to fight recklessly!
You slash something! You freeze something.
Reactivating autopickup.
You feel a bit more experienced.
The centaur shoots an arrow.
The arrow closely misses you.
You hit the orc. You freeze the orc. You headbutt the orc.
You kill the orc!
The centaur shoots an arrow.
The arrow hits you.
* * * LOW HITPOINT WARNING * * *
The centaur shoots an arrow.
The arrow hits you!
You die...

####### #.....######
################.....#.....
..........@....'.....#.....
..........######.....#.....
..........# #.....'>....
..........# #.....#.....
#######c##############.....
#............ #.....
+............ #.....
#............ #.....
#............ ####..


You could see a centaur.

Vanquished Creatures
  2 black bears
  An ogre (D:3)
  Blork the orc (D:5)
  A scorpion (D:4)
  A bullfrog (D:4)
  A water moccasin zombie (D:5)
  A vampire bat (D:4)
  2 jellies
  A bullfrog skeleton (D:5)
  A gnoll shaman (D:4)
  2 iguanas (D:4)
  An orc wizard (D:5)
  A hound skeleton (D:5)
  A mummy (Ossuary)
  2 adders (D:2)
  5 gnolls (D:4)
  An ufetubus (D:5)
  An adder skeleton (D:4)
  5 dart slugs
  3 fire bats (D:4)
  18 orcs
  5 spectral bats
  4 ball pythons
  12 bats
  3 bat skeletons (D:4)
  A bat zombie (D:4)
  5 endoplasms
  4 giant cockroaches
  12 gnoll zombies (Ossuary)
  4 goblins
  2 hobgoblins
  16 jackals
  5 kobolds
  3 quokkas
  3 bat simulacra
  4 frilled lizards
  7 goblin simulacra (Ossuary)
  5 goblin zombies (Ossuary)
  7 hobgoblin zombies (Ossuary)
  3 kobold simulacra (Ossuary)
  4 kobold zombies (Ossuary)
  2 orc zombies (Ossuary)
  3 rats
  2 rat simulacra (Ossuary)
  A spectral goblin (Ossuary)
  2 spectral kobolds (Ossuary)
  7 spectral rats (Ossuary)
178 creatures vanquished.

Vanquished Creatures (others)
  6 foxfires (Ossuary)
6 creatures vanquished.

Grand Total: 184 creatures vanquished

Notes
Turn   | Place    | Note
-------+----------+-------------------------------------------
     0 | D:1      | DasRunzen the Demonspawn Gladiator began the quest for the
                  | Orb.
     0 | D:1      | Reached XP level 1. HP: 16/16 MP: 1/1
   270 | D:1      | Found Cetwac's Distillery.
   830 | D:1      | Gained mutation: You have a pair of small horns on your
                  | head. [demonic ancestry]
   830 | D:1      | Reached XP level 2. HP: 20/22 MP: 2/2
  1276 | D:2      | Reached skill level 3 in Long Blades
  1344 | D:2      | Reached skill level 1 in Armour
  1614 | D:2      | Gained mutation: You are partially covered in slimy green
                  | scales. (AC +2) [demonic ancestry]
  1614 | D:2      | Reached XP level 3. HP: 26/28 MP: 3/3
  2199 | D:2      | Gained mutation: You are mostly covered in slimy green
                  | scales. (AC +3) [demonic ancestry]
  2199 | D:2      | Reached XP level 4. HP: 34/34 MP: 4/4
  3264 | D:3      | Noticed an ogre
  3274 | D:3      | Killed an ogre
  3275 | D:3      | Gained mutation: You have a pair of horns on your head.
                  | [demonic ancestry]
  3275 | D:3      | Reached XP level 5. HP: 41/41 MP: 5/5
  3568 | D:4      | Noticed a black bear
  3585 | D:4      | Killed a black bear
  3586 | D:4      | Reached skill level 4 in Long Blades
  3586 | D:4      | Gained mutation: Spells you cast may paralyse adjacent
                  | enemies. [demonic ancestry]
  3586 | D:4      | Reached XP level 6. HP: 48/48 MP: 6/6
  3615 | D:4      | Found a staircase to the Ecumenical Temple.
  3715 | D:4      | You fall into a shaft and drop 3 floors!
  3791 | D:5      | Entered Level 5 of the Dungeon
  3849 | D:4      | Found a sand-covered staircase.
  3855 | Ossuary  | Entered an ossuary
  3895 | Ossuary  | Learned a level 1 spell: Foxfire
  4336 | D:4      | Reached XP level 7. HP: 41/54 MP: 7/7
  4820 | D:4      | Reached skill level 1 in Conjurations
  4820 | D:4      | Reached skill level 1 in Fire Magic
  5281 | D:4      | Reached skill level 1 in Spellcasting
  5419 | D:4      | Gained mutation: Your magical capacity is low. (-10% MP)
                  | [potion of mutation]
  5419 | D:4      | Gained mutation: Your magical capacity is very low. (-20%
                  | MP) [potion of mutation]
  5419 | D:4      | Gained mutation: You are dopey. (Int -2) [potion of
                  | mutation]
  5419 | D:4      | Gained mutation: Your spells are a little harder to cast,
                  | but a little more powerful. [potion of mutation]
  5420 | D:4      | Lost mutation: You are dopey. (Int -2) [potion of mutation]
  5420 | D:4      | Lost mutation: Your spells are a little harder to cast, but
                  | a little more powerful. [potion of mutation]
  5420 | D:4      | Lost mutation: Your magical capacity is very low. (-20% MP)
                  | [potion of mutation]
  5420 | D:4      | Gained mutation: You are frail. (-10% HP) [potion of
                  | mutation]
  5420 | D:4      | Gained mutation: Armour fits poorly on your strangely
                  | shaped body. [potion of mutation]
  5917 | D:5      | Noticed Blork the orc
  5923 | D:5      | Killed Blork the orc
  5924 | D:5      | Reached skill level 5 in Long Blades
  6243 | D:5      | Gained mutation: You have a pair of large horns on your
                  | head. [demonic ancestry]
  6243 | D:5      | Reached XP level 8. HP: 28/54 MP: 9/9
  6249 | D:5      | Shot with an arrow by a centaur

Illustrated notes

Levels and vault maps discovered:
D:1:      matt_arrival_los_fun, layout_basic, serial_shops, shop
D:2:      layout_loops_ring, kennysheep_another_room
D:3:      layout_loops_cross
D:4:      layout_basic, minmay_temple_entry_wispy, nicolae_ossuary_entry_plus,
          goddamned_bats
D:5:      layout_basic, minmay_misc_feat_room, hellmonk_bongcloud_opening,
          uniq_blork_the_orc, uniq_crazy_yiuf_cottage
D:6:      layout_loops_ring, serial_glass, glass_columns_a, glass_columns_c,
          glass_columns_a, glass_columns_b, glass_columns_b, glass_columns_b,
          glass_columns_c, glass_columns_b, glass_columns_a, glass_columns_a
D:7:      layout_loops_ring, kennysheep_little_box

Skill      XL: |  1  2  3  4  5  6  7 |
---------------+----------------------+-----
Long Blades    | 3 4 5 |  5.1
Dodging        | 3 4 |  4.6
Armour         | 1 2 3 |  3.6
Fighting       | 3 4 |  4.5
Conjurations   | 1 |  1.9
Fire Magic     | 1 |  1.7
Spellcasting   | 1 |  1.5
Throwing       | |  1.7

Action                   |  1- 3 |  4- 6 |  7- 9 || total
-------------------------+-------+-------+-------++-------
Melee: Long sword        |   107 |   194 |   106 ||   407
       Headbutt          |    15 |    40 |    28 ||    83
 Cast: Foxfire           |       |     3 |       ||     3
Evoke: Wand              |       |     3 |       ||     3
  Use: Scroll            |     4 |     6 |     4 ||    14
       Potion            |       |       |     2 ||     2
 Stab: Paralysed         |       |     9 |       ||     9
       Sleeping          |       |     3 |       ||     3
Armor: Leather armour    |    34 |    85 |    66 ||   185
Dodge: Dodged            |    71 |   105 |   113 ||   289
       Rpst.: Long sword |    20 |    32 |    32 ||    84

Table legend: (Time is in decaauts)
 A = Elapsed time spent in this place.
 B = Non-inter-level travel time spent in this place.
 C = Inter-level travel time spent in this place.
 D = Time resting spent in this place.
 E = Time spent auto-exploring this place.
 F = Levels seen in this place.
 G = Mean time per level.
                   A        B        C        D        E       F      G
               +--------+--------+--------+--------+--------+-----+--------+
         Total |   6335 |   6217 |    118 |   1489 |   3269 |   8 |  791.9 |
       Dungeon |   5855 |   5737 |    118 |   1468 |   3210 |   7 |  836.4 |
       Ossuary |    480 |    480 |      0 |     21 |     59 |   1 |  480.0 |
               +--------+--------+--------+--------+--------+-----+--------+

Top non-repeatable levels by time:
     D:4: 1672 daAuts
     D:1: 1275 daAuts
     D:3: 1135 daAuts
     D:2: 1048 daAuts
     D:5: 647 daAuts
 Ossuary: 480 daAuts
     D:6: 58 daAuts
     D:7: 17 daAuts
